 Dungeon Crawl Stone Soup version 0.24.0-123-gd5b16e6ec5 (webtiles) character file.

Game seed: 8401628386509992029, levelgen mode: deterministic

509 brucemayne the Cleaver (level 7, -7/57 HPs)
             Began as a Hill Orc Monk on Jan 20, 2020.
             Was a Priest of the Shining One.
             Mangled by a yak (9 damage)
             ... on level 6 of the Dungeon.
             The game lasted 00:08:34 (2025 turns).

brucemayne the Cleaver (Hill Orc Monk)              Turns: 2025, Time: 00:08:34

Health: -7/57      AC:  6    Str: 16    XL:     7   Next: 19%
Magic:  7/7        EV: 12    Int: 15    God:    the Shining One [***...]
Gold:   149        SH:  0    Dex: 16    Spells: 6/6 levels left

rFire    . . .     SeeInvis .   a - +0 hand axe
rCold    . . .     Gourm    .   (no shield)
rNeg     + . .     Faith    .   d - +1 ring mail
rPois    .         Spirit   .   (no helmet)
rElec    .         Reflect  .   (no cloak)
rCorr    .         Harm     .   (no gloves)
MR       .....                  (no boots)
Stlth    +.........             (no amulet)
HPRegen  0.19/turn              h - +3 ring of dexterity
MPRegen  0.10/turn              (no ring)

@: brilliant, glowing
A: no striking features
a: Divine Shield, Renounce Religion


You were on level 6 of the Dungeon.
You worshipped the Shining One.
The Shining One was most pleased with you.
You were not hungry.

You visited 1 branch of the dungeon, and saw 6 of its levels.

You collected 149 gold pieces.

Inventory:

Hand Weapons
 a - a +0 hand axe (weapon)
 f - a +2 mace of draining
 l - a +2 short sword of draining
 m - a +0 flail
Missiles
 i - 2 boomerangs (quivered)
Armour
 b - a +0 robe
 d - a +1 ring mail (worn)
 p - a +0 chain mail
Jewellery
 h - a +3 ring of dexterity (left hand)
Potions
 e - a potion of curing
 g - a potion of cancellation
 j - a potion of haste
 k - a potion of flight
Comestibles
 c - 3 rations


   Skills:
 - Level 3.6 Fighting
 + Level 10.3 Axes
 - Level 2.4 Dodging
 - Level 1.5 Stealth


You had 6 spell levels left.
You didn't know any spells.
Your spell library was empty.

Dungeon Overview and Level Annotations

Branches:
Dungeon (6/15)             Temple (0/1) D:6

Altars:
Yredelemnul
The Shining One

Annotations:
D:2 1 runed translucent door, Crazy Yiuf
D:4 1 runed translucent door, Sigmund
D:5 1 runed translucent door, Seryemb's ghost, novice GnWz


Message History

You experience a momentary feeling of inescapable doom!
It was a scroll of random uselessness.
The yak barely misses you.
Unknown command.
The yak gores you.
Unknown command.
The bullfrog skeleton barely misses you. x2
The yak gores you.
* * * LOW HITPOINT WARNING * * *
Unknown command.
The yak gores you!
* * * LOW HITPOINT WARNING * * *
Okay, then.
Okay, then.
You aren't carrying any items that you can evoke.
Unknown command.
Unknown command.
You hit the yak.
The yak is lightly wounded.
You hit the yak but do no damage. The yak barely misses you. The yak gores you!
You die...

#......
.....
#.....
(....
#....#
.....
#...$##
...#+
#.....+
#....#


#YYYY# #YY..# #@Z..# ###### ## . #. .. +. ... #. .... #. .....## You could see 6
yaks and a bullfrog skeleton.

Vanquished Creatures
  2 crimson imps (D:5)
  A hound (D:5)
  6 orc wizards (D:5)
  A bullfrog skeleton (D:4)
  An iguana (D:5)
  3 worker ants
  2 adders
  A gnoll (D:5)
  An adder zombie (D:5)
  2 oozes
  3 worms (D:2)
  A dart slug (D:3)
  3 leopard geckos
  6 orcs
  6 bats
  3 giant cockroaches
  9 goblins
  5 hobgoblins
  8 jackals
  2 quokkas
  A ball python skeleton (D:3)
  4 frilled lizards
  A jackal skeleton (D:4)
  5 kobolds
  4 rats
81 creatures vanquished.

Notes
Turn   | Place    | Note
-------+----------+-------------------------------------------
     0 | D:1      | brucemayne the Hill Orc Monk began the quest for the Orb.
     0 | D:1      | Reached XP level 1. HP: 19/19 MP: 1/1
    98 | D:1      | Reached XP level 2. HP: 24/26 MP: 2/2
   199 | D:1      | Reached skill level 5 in Axes
   312 | D:2      | Reached XP level 3. HP: 30/31 MP: 3/3
   377 | D:2      | Reached skill level 6 in Axes
   529 | D:3      | Reached XP level 4. HP: 23/39 MP: 4/4
   532 | D:3      | Found a glowing golden altar of the Shining One.
   538 | D:3      | Became a worshipper of the Shining One
   538 | D:3      | Reached * piety under the Shining One
   538 | D:3      | Reached ** piety under the Shining One
   711 | D:4      | Reached skill level 7 in Axes
   884 | D:4      | Found a runed translucent door.
   884 | D:4      | Noticed a human
   976 | D:2      | Reached XP level 5. HP: 35/45 MP: 5/5
   987 | D:2      | Found a runed translucent door.
   988 | D:2      | Noticed Crazy Yiuf
  1133 | D:4      | Reached skill level 8 in Axes
  1139 | D:4      | Found a basalt altar of Yredelemnul.
  1154 | D:4      | Noticed an ogre
  1176 | D:5      | Entered Level 5 of the Dungeon
  1196 | D:5      | Noticed a sky beast
  1226 | D:4      | Noticed Sigmund
  1377 | D:5      | Reached XP level 6. HP: 20/51 MP: 6/6
  1390 | D:5      | Reached skill level 9 in Axes
  1413 | D:5      | Found a runed translucent door.
  1417 | D:5      | Noticed Seryemb's ghost (novice GnWz)
  1723 | D:5      | Reached skill level 10 in Axes
  1723 | D:5      | Reached XP level 7. HP: 21/57 MP: 7/7
  1744 | D:6      | Found a staircase to the Ecumenical Temple.
  1942 | D:5      | Reached *** piety under the Shining One
  2018 | D:6      | Noticed a yak
  2018 | D:6      | Noticed a yak
  2018 | D:6      | Noticed a yak
  2018 | D:6      | Noticed a yak
  2018 | D:6      | Noticed a yak
  2018 | D:6      | Noticed a yak
  2023 | D:6      | HP: 2/57 [yak (13)]
  2025 | D:6      | Mangled by a yak

Levels and vault maps discovered:
D:1:      minmay_arrival_loop, layout_loops_ring, minivault_11,
          corexii_hall_statues_s, minmay_misc_feat_enclosed, st_stairs_1,
          serial_bayou_pond_e, hex_tiny, kennysheep_small_spiral,
          chequers_serial_rivers_small_b
D:2:      layout_basic, uniq_crazy_yiuf_cottage
D:3:      layout_basic, nicolae_tso_carved_into_rock, first_ration
D:4:      layout_rooms, dk_yredelemnul_ordeal, uniq_sigmund
D:5:      layout_basic, ebering_ghost_sewer_d
D:6:      layout_gridville, minmay_temple_entry_arrows

Skill      XL: |  1  2  3  4  5  6 |
---------------+-------------------+-----
Axes           | 5 6 7 8 10 | 10.3
Fighting       | |  3.6
Dodging        | |  2.4
Stealth        | |  1.5

Action                   |  1- 3 |  4- 6 |  7- 9 || total
-------------------------+-------+-------+-------++-------
Melee: Hand axe          |   108 |   181 |    34 ||   323
Throw: Boomerang         |       |       |     2 ||     2
  Use: Scroll            |       |     5 |     2 ||     7
       Potion            |       |     2 |     1 ||     3
  Eat: Ration            |       |     1 |       ||     1
       Chunk             |       |     1 |       ||     1
Armor: Ring mail         |    72 |    48 |    23 ||   143
Dodge: Dodged            |   132 |   102 |    31 ||   265
